 Dungeon Crawl Stone Soup version 0.30.1-4-g462c640d31 (webtiles) character file.

Game seed: 6765930010508378081

1558 rvierbuc the Conjurer (level 8, -4/60 (61) HPs)
             Began as a Demigod Conjurer on Aug 21, 2023.
             Slain by an orc warrior
             ... wielding a +0 flail
              (13 damage)
             ... on level 5 of the Dungeon.
             The game lasted 00:26:22 (5701 turns).

rvierbuc the Conjurer (Demigod Conjurer)            Turns: 5701, Time: 00:26:24

HP:   -4/60 (61)    AC:  4    Str: 14    XL:     8   Next: 32%
MP:   24/29         EV: 12    Int: 28    God:
Gold: 269           SH:  0    Dex: 12    Spells: 8/18 levels left

rFire   . . .        H - +1 spear (freeze)
rCold   . . .        (no shield)
rNeg    + . .        a - +0 robe
rPois   .            e - +0 helmet
rElec   .            (no cloak)
rCorr   .            (no gloves)
SInv    .            t - +0 pair of boots of Weightlessness {rN+ Str+6}
Will    .....        (no amulet)
Stlth   ++           i - ring of magical power
HPRegen 0.30/turn    y - ring of wizardry
MPRegen 0.21/turn

%: wizardry (x1)
@: lightly drained
A: high MP 1, forlorn, divine attributes
a: no special abilities


You were on level 5 of the Dungeon.
You visited 1 branch of the dungeon, and saw 7 of its levels.
You also visited: Sewer.

You collected 269 gold pieces.

Inventory:

Hand Weapons
 q - a +0 whip
 r - a +0 halberd
 H - a +1 spear of freezing (weapon)
Missiles
 A - 2 throwing nets
Armour
 a - a +0 robe (worn)
 e - a +0 helmet (worn)
 t - the +0 pair of boots of Weightlessness (worn) {rN+ Str+6}
   (You found it on level 2 of the Dungeon)

   Str:       It affects your strength (+6).
   rN:        It protects you from negative energy.
 G - +0 acid dragon scales
Magical Staves
 s - a staff of death
Jewellery
 i - a ring of magical power (left hand)
 y - a ring of wizardry (right hand)
 F - a ring of positive energy
 I - a ring of poison resistance
Scrolls
 c - 5 scrolls of teleportation {unknown}
 d - a scroll of silence {unknown}
 f - 7 scrolls of fog {unknown}
 g - 8 scrolls of identify {unknown}
 k - a scroll of blinking {unknown}
 l - 3 scrolls of vulnerability {unknown}
 m - 2 scrolls of immolation {unknown}
 p - a scroll of poison {unknown}
 u - 4 scrolls of enchant weapon {unknown}
 w - a scroll of amnesia {unknown}
 D - a scroll of torment {unknown}
 E - a scroll of acquirement {unknown}
Potions
 b - a potion of magic
 h - a potion of cancellation {unknown}
 j - 2 potions of mutation {unknown}
 n - a potion of haste {unknown}
 o - 3 potions of curing {unknown}
 v - 4 potions of heal wounds {unknown}
 x - a potion of might
 z - a potion of invisibility {unknown}
 B - a potion of degeneration {unknown}
 C - 3 potions of flight {unknown}


   Skills:
 * Level 2.0 Fighting
 + Level 2.7 Dodging
 + Level 3.7 Stealth
 + Level 5.9 Spellcasting
 + Level 7.0 Conjurations
 + Level 1.3 Earth Magic


You had 8 spell levels left.
You knew the following spells:

 Your Spells              Type           Power      Damage    Failure   Level
a - Magic Dart            Conj           100%       1d8       1%          1
b - Searing Ray           Conj           96%        2d7       1%          2
c - Stone Arrow           Conj/Erth      62%        3d10      1%          3
d - Fulminant Prism       Conj/Hex       14%        3d9       6%          4

Your spell library contained the following spells:

 Spells                   Type           Power      Damage    Failure   Level
 Sandblast                Erth           30%        2d9       1%          1
 Dazzling Flash           Conj/Hex       56%        N/A       1%          3
 Summon Small Mammal      Summ           32%        N/A       2%          1
 Passwall                 Tmut/Erth      10%        N/A       2%          2
 Iskenderun's Mystic Bla  Conj/Tloc      28%        2d7       6%          4
 Call Canine Familiar     Summ           8%         N/A       8%          3
 Summon Guardian Golem    Hex/Summ       8%         N/A       8%          3


Dungeon Overview and Level Annotations

Branches:
Dungeon (7/15)             Temple (0/1) D:5           Sewer (visited)

Shops:
D:4 *


Innate Abilities, Weirdness & Mutations

You have an increased reservoir of magic. (+10% MP)
You shall have no god before yourself.
Your divine heritage dramatically boosts your attributes as you level up.


Message History

The orc warrior hits you with a +0 flail!
Without enough magic to sustain it, your searing ray dissipates.
The orc warrior hits you with a +0 flail!
The wight misses you.
Casting: Searing Ray (safe; 1% risk of failure)
Confirm with . or Enter, or press ? or * to list all spells.
You don't have enough magic to cast this spell.
The orc warrior attacks as you move away!
The orc warrior hits you but does no damage.
The orc warrior attacks as you move away!
The orc warrior hits you with a +0 flail.
The orc warrior attacks as you move away!
The orc warrior hits you with a +0 flail!
* * * LOW HITPOINT WARNING * * *
There is a stone staircase leading up here.
The orc warrior closely misses you.
You climb upwards.
There is a stone staircase leading down, spattered with blood here.
Casting: Searing Ray (safe; 1% risk of failure)
Confirm with . or Enter, or press ? or * to list all spells.
Aiming: Stone Arrow (safe; 1% risk of failure)
Press: ? - help, Shift-Dir - straight line, f - orc warrior
Aim: an orc warrior, wielding a +0 flail and wearing a +0 plate armour (74% to hit)
The stone arrow hits the orc warrior!
The orc warrior is moderately wounded.
The orc warrior hits you with a +0 flail.
* * * LOW HITPOINT WARNING * * *
Casting: Stone Arrow (safe; 1% risk of failure)
Confirm with . or Enter, or press ? or * to list all spells.
You don't have enough magic to cast this spell.
Magic courses through your body. The orc warrior closely misses you.
Casting: Stone Arrow (safe; 1% risk of failure)
Confirm with . or Enter, or press ? or * to list all spells.
Aiming: Stone Arrow (safe; 1% risk of failure)
Press: ? - help, Shift-Dir - straight line, f/p - orc warrior
Aim: an orc warrior, wielding a +0 flail and wearing a +0 plate armour (moderately wounded, 74% to hit)
The stone arrow hits the orc warrior.
The orc warrior is heavily wounded.
The orc warrior hits you with a +0 flail!
You die...

####.## #.....# #.....###
##...##.### ### #### #.........#
##.## #..####..#......### #...#
#....#..##........) #####..##
###o......#....P.... #..##..####
##..@....#...._.P..## ........#.#
#.......###.....P..##
..........###.......####.PPPP..##
............#..#.....###.......##
...........###.................##
...........##..###.#......#######
...............#####.#....#######
#.....##........##...............
###..##..........................


You could see an orc warrior.

Vanquished Creatures
  Eustachio (D:6)
  A steam dragon (D:6)
  An acid dragon (D:5)
  An ice beast (D:5)
  3 ogres
  A bullfrog (D:5)
  A scorpion (D:4)
  A jelly (D:5)
  3 hounds
  A gnoll bouda (D:5)
  A sleepcap (D:5)
  Natasha (thrice) (D:2)
  17 gnolls
  12 adders
  6 river rats
  A white imp (D:6)
  An ufetubus (D:6)
  A worm (D:4)
  4 dart slugs
  11 orcs
  10 ball pythons
  7 endoplasms
  5 giant cockroaches
  5 goblins
  4 hobgoblins
  A jackal (D:1)
  2 quokkas
  7 bats
  8 frilled lizards
  2 kobolds
  11 rats
133 creatures vanquished.

Notes
Turn   | Place    | Note
-------+----------+-------------------------------------------
     0 | D:1      | rvierbuc the Demigod Conjurer began the quest for the Orb.
     0 | D:1      | Reached XP level 1. HP: 14/14 MP: 5/5
   200 | D:1      | Reached XP level 2. HP: 20/20 MP: 5/7
   222 | D:1      | Reached skill level 4 in Conjurations
  1200 | D:2      | Reached XP level 3. HP: 26/26 MP: 9/9
  1203 | D:2      | Learned a level 2 spell: Searing Ray
  1246 | D:2      | Identified the +0 pair of boots of Weightlessness {rN+
                  | Str+6}
  1420 | D:2      | Reached XP level 4. HP: 10/33 MP: 7/10
  1661 | D:2      | Noticed Natasha
  1666 | D:2      | Killed Natasha
  1685 | D:2      | Noticed Natasha
  1689 | D:2      | Killed Natasha
  1840 | D:2      | Reached XP level 5. HP: 38/38 MP: 13/13
  2014 | D:2      | Noticed Natasha
  2021 | D:2      | Killed Natasha
  2050 | D:3      | Found a glowing drain.
  2059 | D:3      | Noticed an ogre
  2073 | Sewer    | Entered a sewer
  2354 | Sewer    | Reached skill level 5 in Conjurations
  2959 | D:3      | Killed an ogre
  2960 | D:3      | Reached XP level 6. HP: 45/45 MP: 15/15
  3196 | D:3      | Learned a level 3 spell: Stone Arrow
  4282 | D:4      | Found Piacvaad's General Store.
  4293 | D:4      | Reached XP level 7. HP: 35/50 MP: 17/17
  4646 | D:5      | Entered Level 5 of the Dungeon
  4704 | D:5      | Reached skill level 6 in Conjurations
  4806 | D:5      | Reached skill level 5 in Spellcasting
  5242 | D:5      | Found a staircase to the Ecumenical Temple.
  5365 | D:6      | Noticed Eustachio
  5373 | D:5      | Learned a level 4 spell: Fulminant Prism
  5502 | D:5      | Reached skill level 1 in Fighting
  5573 | D:6      | Killed Eustachio
  5574 | D:6      | Reached XP level 8. HP: 59/59 MP: 18/20
  5596 | D:6      | Reached skill level 1 in Earth Magic
  5640 | D:6      | Reached skill level 7 in Conjurations
  5701 | D:5      | Slain by an orc warrior

Illustrated notes

Levels and vault maps discovered:
D:1:      dpeg_arrival_castle, layout_loops_ring, serial_aquarium,
          aquarium_bridge_long_joined [aquarium_subvault_bridge,
          aquarium_subvault_wall, aquarium_subvault_bridge,
          aquarium_subvault_wall, aquarium_subvault_wall,
          aquarium_subvault_bridge], aquarium_window_corner,
          aquarium_window_corridor_3, aquarium_view_2c,
          hellmonk_ecumenical_altar_crossroads
D:2:      layout_loops_ring, uniq_natasha
D:3:      layout_loops_ring, grunt_temple_overflow_open, portal_sewer_entry_a
D:4:      layout_basic, mainiacjoe_overflow_cross_hatched, serial_shops,
          nicolae_shop_hallway_plus, minmay_distorted
D:5:      layout_cave_pools, old_standard_altar, mainiacjoe_overflow_chevrons,
          minmay_temple_entry_poolview
D:6:      layout_rooms, mainiacjoe_overflow_tiny_flanked, uniq_eustachio
D:7:      layout_gridville, slow_altar_2, serial_shops, shop,
          minmay_misc_feat_plants, uniq_pikel, uniq_duvessa

Skill      XL: |  1  2  3  4  5  6  7  8 |
---------------+-------------------------+-----
Spellcasting   | 2 3 4 5 |  5.9
Conjurations   | 4 5 6 7 |  7.0
Stealth        | 2 3 |  3.7
Dodging        | 2 |  2.7
Fighting       | 1 2 |  2.0
Earth Magic    | 1 |  1.3

Action                     |  1- 3 |  4- 6 |  7- 9 || total
---------------------------+-------+-------+-------++-------
  Melee: Halberd           |       |     6 |       ||     6
   Cast: Magic Dart        |    73 |   113 |    23 ||   209
         Searing Ray       |     1 |    17 |     5 ||    23
         Stone Arrow       |       |       |    35 ||    35
    Use: Potion            |       |       |     1 ||     1
 Armour: Robe              |     1 |     6 |     6 ||    13
  Dodge: Dodged            |     3 |    24 |    33 ||    60
